 Dungeon Crawl Stone Soup version 0.27.1-33-g824d729ab1 (webtiles) character file.

Game seed: 14374181471049731993

1603 Gabide the Basher (level 9, -1/59 HPs)
             Began as a Human Chaos Knight on Dec 10, 2021.
             Was a Plaything of Xom.
             Slain by a water moccasin (2 damage)
             ... on level 6 of the Dungeon.
             The game lasted 00:08:36 (7092 turns).

Gabide the Basher (Human Chaos Knight)              Turns: 7092, Time: 00:08:37

Health: -1/59      AC:  6    Str: 15    XL:     9   Next: 16%
Magic:  9/9        EV: 12    Int: 12    God:    Xom [..*...]
Gold:   293        SH:  0    Dex: 10    Spells: 8/8 levels left

rFire    . . .     SeeInvis +   a - +3 mace (chaos)
rCold    . . .     Faith    .   (no shield)
rNeg     . . .     Spirit   .   b - +2 leather armour
rPois    .         Reflect  .   (no helmet)
rElec    .         Harm     .   (no cloak)
rCorr    .         Rampage  .   v - +0 pair of gloves
Will     .....                  o - +0 pair of boots
Stlth    ++........             (no amulet)
HPRegen  0.19/turn              e - ring of see invisible
MPRegen  0.11/turn              f - ring of flight

@: flying
A: clumsy 2, deformed body, frail 1
a: Renounce Religion


You were on level 6 of the Dungeon.
You worshipped Xom.
You were a toy of Xom.
You visited 1 branch of the dungeon, and saw 6 of its levels.

You collected 293 gold pieces.

Inventory:

Hand Weapons
 a - a +3 mace of chaos (weapon)
 u - a +1 vorpal mace
Armour
 b - a +2 leather armour (worn)
 n - the +0 leather armour of Zownuom {Will+}
   (You found it on level 4 of the Dungeon)

   Will:      It increases your willpower.
 o - a +0 pair of boots (worn)
 v - a +0 pair of gloves (worn)
Jewellery
 e - a ring of see invisible (left hand)
 f - a ring of flight (right hand)
Wands
 j - a wand of flame (32) (quivered)
 t - a wand of iceblast (2)
Scrolls
 l - a scroll of teleportation
 q - 3 scrolls of magic mapping
 s - 2 scrolls of fog
Potions
 c - 3 potions of haste {unknown}
 d - 2 potions of lignification
 g - 2 potions of flight {unknown}
 h - 2 potions of attraction {unknown}
 k - 3 potions of brilliance {unknown}
 m - 2 potions of cancellation {unknown}
 p - a potion of heal wounds {unknown}
 r - a potion of invisibility {unknown}


   Skills:
 + Level 4.6 Fighting
 * Level 9.2 Maces & Flails
 + Level 3.5 Armour
 + Level 3.4 Dodging
 + Level 3.2 Stealth
 + Level 0.2 Evocations


You had 8 spell levels left.
You didn't know any spells.
Your spell library contained the following spells:

 Spells                   Type           Power      Damage    Failure   Level
 Static Discharge         Conj/Air       0%         N/A       52%         2
 Call Canine Familiar     Summ           0%         N/A       77%         3
 Portal Projectile        Hex/Tloc       0%         N/A       77%         3
 Dispel Undead            Necr           0%         3d6       99%         4
 Leda's Liquefaction      Hex/Erth       0%         N/A       99%         4
 Sticky Flame             Conj/Fire      0%         2d3       99%         4
 Summon Forest            Summ/Tloc      0%         N/A       100%        5
 Summon Mana Viper        Hex/Summ       0%         N/A       100%        5
 Shadow Creatures         Summ           N/A        N/A       100%        6


Dungeon Overview and Level Annotations

Branches:
Dungeon (6/15)             Temple (0/1) D:5

Altars:
Hepliaklqana
Okawaru
Vehumet
Xom


Innate Abilities, Weirdness & Mutations

You are very clumsy. (Dex -4)
Armour fits poorly on your strangely shaped body.
You are frail. (-10% HP)


Message History

You sock the adder!
You kill the adder!
Your transformation is almost over.
The adder bites you but does no damage. x2
You sock the adder!
The adder seems to slow down.
The adder is severely wounded.
You barely miss the adder.
The adder is severely wounded.
The adder bites you but does no damage.
The water moccasin hisses angrily.
You hit the adder. You burn the adder.
The adder is almost dead.
The adder bites you but does no damage.
You miss the adder.
The adder is almost dead.
The adder bites you but does no damage.
You hit the adder but do no damage.
The adder shakes off its lethargy.
The adder goes berserk!
The adder is almost dead.
The adder bites you but does no damage.
The water moccasin completely misses you.
You sock the adder!
You kill the adder!
The water moccasin bites you but does no damage. x2
You hit the water moccasin.
The water moccasin is lightly wounded.
The water moccasin bites you.
* * * LOW HITPOINT WARNING * * *
You closely miss the water moccasin.
The water moccasin is lightly wounded.
The water moccasin bites you but does no damage.
You barely miss the water moccasin.
The water moccasin is lightly wounded.
You feel less wooden.
Your +0 pair of gloves unmelds from your body.
Your +0 pair of boots unmelds from your body.
Your +2 leather armour unmelds from your body.
The water moccasin bites you.
You die...
Xom chuckles heartily!

.............# .$..
[............########....
.....[...................
.............##..........
##.........# ............
#........>^####..........
..(#..#..............#
............###S.....#
.......#.#.## #.@....#
...(##..?..# #†.....# ..#
#...### #......# .
#....... ########
#.......S #.........
#.......... #..........#
....########


You could see a water moccasin.

Vanquished Creatures
  A water moccasin (D:5)
  A black bear (D:6)
  A sky beast (D:5)
  An ice beast (D:5)
  3 necrophages
  A centaur (D:5)
  A phantom (D:5)
  A bullfrog (D:6)
  3 scorpions
  A water moccasin zombie (D:5)
  A water moccasin skeleton (D:6)
  A bullfrog zombie (D:5)
  A hound (D:5)
  An orc priest (D:5)
  A centaur skeleton (D:5)
  4 iguanas (D:5)
  3 orc wizards
  A scorpion zombie (D:2)
  7 adders
  A shadow imp (D:5)
  7 dart slugs
  11 orcs
  8 endoplasms
  2 giant cockroaches (D:1)
  6 goblins
  8 hobgoblins
  6 quokkas
  4 ball pythons
  5 bats
  2 frilled lizards
  A jackal zombie (D:2)
  9 kobolds
  2 quokka skeletons (D:2)
  9 rats
115 creatures vanquished.

Vanquished Creatures (collateral kills)
  2 orcs (D:3)
2 creatures vanquished.

Grand Total: 117 creatures vanquished

Notes
Turn   | Place    | Note
-------+----------+-------------------------------------------
     0 | D:1      | Gabide the Human Chaos Knight began the quest for the Orb.
     0 | D:1      | Reached XP level 1. HP: 18/18 MP: 1/1
    65 | D:1      | Reached XP level 2. HP: 24/24 MP: 2/2
   196 | D:1      | Found a faded altar of an unknown god.
   359 | D:1      | Reached XP level 3. HP: 27/29 MP: 3/3
   705 | D:1      | XOM: silly message
   706 | D:1      | XOM: potion effect (might)
   877 | D:1      | XOM: noise
  1019 | D:1      | XOM: divination: magic mapping
  1214 | D:2      | XOM: silly message
  1307 | D:2      | Reached skill level 4 in Maces & Flails
  1388 | D:2      | You are sucked into a shaft and drop 2 floors!
  1388 | D:4      | Found a radiant altar of Vehumet.
  1424 | D:4      | XOM: cloud trail
  1579 | D:4      | XOM: silly message
  1700 | D:4      | Reached XP level 4. HP: 24/34 MP: 4/4
  1880 | D:4      | Identified the +0 leather armour of Zownuom {Will+}
  2397 | D:3      | XOM: cloud trail
  2721 | D:3      | XOM: cast spell 'Summon Ice Beast'
  2725 | D:3      | Reached XP level 5. HP: 32/41 MP: 5/5
  2872 | D:3      | Found a hazy altar of Hepliaklqana.
  2905 | D:3      | XOM: divination: detect items
  2989 | D:3      | XOM: silly message
  3153 | D:2      | XOM: smoke on damage
  3157 | D:2      | Reached skill level 5 in Maces & Flails
  3651 | D:2      | Found an iron altar of Okawaru.
  3896 | D:5      | Entered Level 5 of the Dungeon
  3906 | D:5      | Reached XP level 6. HP: 17/47 MP: 6/6
  4591 | D:5      | Noticed a necrophage
  4602 | D:5      | Killed a necrophage
  4603 | D:5      | Reached skill level 1 in Stealth
  4606 | D:5      | Reached skill level 6 in Maces & Flails
  4708 | D:5      | XOM: god gift: 4 stones
  4741 | D:5      | Found a staircase to the Ecumenical Temple.
  4741 | D:5      | Noticed an ice beast
  4763 | D:5      | Killed an ice beast
  4764 | D:5      | Reached XP level 7. HP: 22/53 MP: 7/7
  4801 | D:5      | XOM: divination: detect creatures
  4979 | D:5      | XOM: 5-stop teleportation journey
  5101 | D:5      | XOM: god gift: book of Touch
  5104 | D:5      | XOM: scenery: 1 doors close
  5110 | D:5      | XOM: god gift: jewelled bone wand {god gift}
  5470 | D:5      | Reached skill level 7 in Maces & Flails
  5916 | D:5      | Reached XP level 8. HP: 45/60 MP: 8/8
  6311 | D:5      | XOM: give mutations
  6311 | D:5      | Gained mutation: You are clumsy. (Dex -2) [Xom's mischief]
  6311 | D:5      | Gained mutation: Armour fits poorly on your strangely
                  | shaped body. [Xom's mischief]
  6311 | D:5      | Gained mutation: You are frail. (-10% HP) [Xom's mischief]
  6311 | D:5      | Gained mutation: You are very clumsy. (Dex -4) [Xom's
                  | mischief]
  6326 | D:5      | XOM: cloud trail
  6403 | D:5      | Reached skill level 8 in Maces & Flails
  6547 | D:5      | XOM: scenery: create altars
  6556 | D:5      | XOM: scenery: summon butterflies
  6692 | D:6      | XOM: summons friendly crimson imp
  7029 | D:6      | Reached XP level 9. HP: 29/59 MP: 9/9
  7061 | D:6      | XOM: noise
  7065 | D:6      | Reached skill level 9 in Maces & Flails
  7074 | D:6      | HP: 4/88 [black bear (5)]
  7082 | D:6      | HP: 3/88 [adder (2)]
  7090 | D:6      | HP: 1/88 [water moccasin (4)]
  7092 | D:6      | Slain by a water moccasin

Illustrated notes

Levels and vault maps discovered:
D:1:      dpeg_arrival_rooms_with_view, layout_basic,
          ebering_ecumenical_altar_abandoned, minivault_27, minivault_5,
          ebering_dispersal_statue_hall, minmay_tiny_reverse_x
D:2:      layout_loops_ring, basic_altar, serial_undead, serial_undead_d,
          serial_undead_c, serial_undead_b, serial_undead_f, serial_undead_e
D:3:      layout_basic, general_overflow_altar, minmay_tree_intersection,
          feat_on_display
D:4:      layout_loops_ring, vehumet_altar_wand_db
D:5:      minmay_thinvault, layout_loops_ring, minmay_temple_entry_arrows
D:6:      layout_rooms, yredelemnul_forgotten_temple_becter

Skill      XL: |  1  2  3  4  5  6  7  8  9 |
---------------+----------------------------+-----
Maces & Flails | 4 5 6 7 8 9 |  9.2
Armour         | 3 |  3.5
Stealth        | 1 3 |  3.2
Dodging        | 2 3 |  3.4
Fighting       | 4 |  4.6
Evocations     | |  0.2

Action                   |  1- 3 |  4- 6 |  7- 9 || total
-------------------------+-------+-------+-------++-------
Melee: Mace              |   104 |   142 |   173 ||   419
Evoke: Wand              |       |       |     8 ||     8
  Use: Scroll            |     3 |     7 |     4 ||    14
       Potion            |       |     3 |     6 ||     9
 Stab: Sleeping          |       |     1 |     5 ||     6
       Petrified         |       |       |     2 ||     2
       Paralysed         |       |       |     4 ||     4
Armor: Leather armour    |    36 |    51 |    59 ||   146
       Skin              |       |    16 |    54 ||    70
Dodge: Dodged            |    60 |   104 |   108 ||   272
